 Dungeon Crawl Stone Soup version 0.29.1-1-gd02db6906a (webtiles) character file.

Game seed: 14707227663322524267

12291 RascalDebosk the Fighter (level 11, -5/80 (101) HPs)
             Began as a Minotaur Berserker on Sept 16, 2022.
             Was an Elder of Trog.
             Slain by Urug
             ... wielding a +2 battleaxe
              (18 damage)
             ... on level 10 of the Dungeon on Sept 17, 2022.
             The game lasted 01:24:01 (12057 turns).

RascalDebosk the Fighter (Minotaur Berserker)      Turns: 12057, Time: 01:24:02

HP:   -5/80 (101)   AC: 19    Str: 24    XL:     11   Next: 60%
MP:   10/10         EV: 10    Int:  6    God:    Trog [****..]
Gold: 348           SH:  0    Dex: 10    Spells: 10/10 levels left

rFire   . . .      SeeInvis .   r - +1 war axe (freeze)
rCold   . . .      Faith    .   (no shield)
rNeg    . . .      Spirit   .   I - +4 scale mail
rPois   +          Reflect  .   (helmet restricted)
rElec   .          Harm     .   q - +2 cloak {rPois}
rCorr   +          Rampage  .   l - +0 pair of gloves
Will    ++...                   H - +0 pair of boots
Stlth   ..........              (no amulet)
HPRegen 1.23/turn               k - ring of resist corrosion
MPRegen 0.12/turn               J - ring of poison resistance

@: strong-willed, on berserk cooldown, regenerating, heavily drained
A: horns 2, retaliatory headbutt
a: Renounce Religion, Berserk, Trog's Hand, Brothers in Arms


You were on level 10 of the Dungeon.
You worshipped Trog.
Trog was greatly pleased with you.
You visited 2 branches of the dungeon, and saw 11 of its levels.

You collected 612 gold pieces.
You spent 264 gold pieces at shops.

Inventory:

Hand Weapons
 r - a +1 war axe of freezing (weapon)
 D - a +2 hand axe of flaming
Missiles
 h - 28 poisoned darts (quivered)
 p - 2 throwing nets {@!f}
 w - 5 curare-tipped darts
Armour
 e - a +0 chain mail
 l - a +0 pair of gloves (worn)
 q - a +2 cloak of poison resistance (worn)
 H - a +0 pair of boots (worn)
 I - a +4 scale mail (worn)
Jewellery
 k - a ring of resist corrosion (left hand)
 J - a ring of poison resistance (right hand)
Wands
 f - a wand of paralysis (5)
 n - a wand of mindburst (24)
 y - a wand of flame (35)
 E - a wand of roots (6)
 F - a wand of polymorph (7)
Scrolls
 a - a scroll of fog
 b - 4 scrolls of vulnerability
 i - 3 scrolls of identify
 j - 2 scrolls of brand weapon
 t - 4 scrolls of teleportation
 v - 3 scrolls of blinking
 x - a scroll of magic mapping
 z - 2 scrolls of poison
 A - a scroll of amnesia {unknown}
 B - a scroll of enchant armour
 C - a scroll of summoning
 L - a scroll of fear
Potions
 c - a potion of mutation
 d - 3 potions of might
 g - a potion of attraction {unknown}
 m - 3 potions of curing
 o - a potion of haste
 s - 2 potions of ambrosia
 u - 5 potions of heal wounds
 G - a potion of berserk rage {unknown}


   Skills:
 + Level 10.7 Fighting
 + Level 10.6 Axes
 + Level 8.3 Throwing
 + Level 10.4 Armour
 - Level 2.1 Dodging
 + Level 7.6 Evocations


You had 10 spell levels left.
You didn't know any spells.
Your spell library was empty.

Dungeon Overview and Level Annotations

Branches:
Dungeon (10/15)            Temple (1/1) D:4            Lair (0/5) D:8
    Orc: D:9-12

Altars:
Ashenzari
Cheibriados
Dithmenos
Fedhas
Hepliaklqana
Kikubaaqudgha
Makhleb
Nemelex Xobeh
Okawaru
Qazlal
Ru
Sif Muna
Trog
Uskayaw
Vehumet
Wu Jian
Xom
Yredelemnul
Zin
The Shining One

Shops:
D:8 *

Annotations:
D:10 Urug


Innate Abilities, Weirdness & Mutations

You have a pair of horns on your head.
You reflexively headbutt those who attack you in melee.


Message History

The vampire hits you. The vampire bites you!
The vampire draws strength from your injuries!
You slash the vampire! You freeze the vampire.
You destroy the vampire!
Trog accepts your kill.
Trog appreciates your killing of a magic user. 2 howler monkeys come into view.
The howler monkey howls! x2
You feel a strong urge to attack something.
The howler monkey hoots and howls with incredible vigour!
You feel your anger nearly subside.
You are no longer berserk.
You are exhausted.
You feel yourself slow down.
h - 28 poisoned darts (gained 1)
A komodo dragon comes into view.
The komodo dragon hisses angrily.
You barely miss the howler monkey.
You headbutt the howler monkey, but do no damage.
The howler monkey hits you but does no damage. x2
You hit the howler monkey. You freeze the howler monkey.
Your headbutt misses the howler monkey. Your punch misses the howler monkey.
The howler monkey is lightly wounded.
You slash the howler monkey! You freeze the howler monkey.
You hit the komodo dragon. You freeze the komodo dragon.
The howler monkey hoots and howls with incredible vigour!
The komodo dragon closely misses you. You furiously retaliate!
You headbutt the komodo dragon! The howler monkey closely misses you.
You furiously retaliate!
You headbutt the howler monkey. The howler monkey misses you.
The komodo dragon barely misses you.
You hear a shout!
You hit the howler monkey. You freeze the howler monkey.
You headbutt the howler monkey!
You kill the howler monkey!
Trog accepts your kill.
You barely miss the howler monkey.
You hit the komodo dragon but do no damage.
The howler monkey barely misses you. You furiously retaliate!
You headbutt the howler monkey. The komodo dragon barely misses you.
You furiously retaliate!
You headbutt the komodo dragon!
The howler monkey hits you but does no damage.
You barely miss the howler monkey.
The howler monkey is almost dead.
You slash the komodo dragon! You freeze the komodo dragon.
The howler monkey hits you but does no damage.
The komodo dragon bites you!
The howler monkey hits you but does no damage.
The komodo dragon barely misses you. You furiously retaliate!
You headbutt the komodo dragon, but do no damage.
You barely miss the howler monkey. You headbutt the howler monkey.
You kill the howler monkey!
Trog accepts your kill.
You barely miss the komodo dragon.
The komodo dragon bites you but does no damage.
You hit the komodo dragon.
The komodo dragon seems to slow down.
You freeze the komodo dragon. Your headbutt misses the komodo dragon.
The komodo dragon is almost dead.
The komodo dragon bites you!
You slash the komodo dragon! You freeze the komodo dragon.
You kill the komodo dragon!
Trog accepts your kill.
You start resting.
A wight comes into view. It is wielding a +0 short sword.
Urug the Orcish Ballista comes into view.
She is wielding a +2 battleaxe and wearing a +4 scale mail of poison resistance.
A wight comes into view. It is wielding a +4 great sword.
You see here a howler monkey corpse.
You closely miss the wight. You headbutt the wight.
The wight is moderately damaged.
The wight closely misses you. You furiously retaliate!
You headbutt the wight! The wight misses you. You furiously retaliate!
You headbutt the wight, but do no damage.
You slash the wight!
You destroy the wight!
Trog accepts your kill.
A wight comes into view. It is wielding a +3 flail.
Urug hits you with a +2 battleaxe!
You're still recovering from your berserk rage.
You fail to use your ability.
Urug hits you with a +2 battleaxe.
* * * LOW HITPOINT WARNING * * *
Urug hits you with a +2 battleaxe!
* * * LOW HITPOINT WARNING * * *
You feel much better. Urug completely misses you.
Your skin crawls.
You feel strong-willed. Urug hits you with a +2 battleaxe.
Urug hits you with a +2 battleaxe!
* * * LOW HITPOINT WARNING * * *
The wight hits you with a +3 flail.
* * * LOW HITPOINT WARNING * * *
You feel drained.
You fail to use your ability.
Urug barely misses you. The wight hits you with a +3 flail!
* * * LOW HITPOINT WARNING * * *
You feel drained.
* * * LOW HITPOINT WARNING * * *
Your two-headed ogre goes berserk!
You feel yourself speed up. Urug hits you with a +2 battleaxe!
* * * LOW HITPOINT WARNING * * *
The wight hits you but does no damage. The wight closely misses you.
Urug hits you with a +2 battleaxe!!
You die...

............##.....##
............##.......
.........<..##....>##
......#####...........#
..... #.......:...#
..z.z #####....#......##
......#.O....###.####...
....o.#.###### #.. ...
......#@# .. ...
.....zoz######.. ###
......††....... #
.#...##........ #
#............. #
#.............
##............
.....###....... ##.##
.......


You could see Urug, 2 wights and a friendly two-headed ogre (summoned, berserk).

Vanquished Creatures
  A two-headed ogre (D:8)
  Sonja (D:10)
  Amaemon (D:8)
  Maurice (D:9)
  An orange demon (D:8)
  Maggie (D:8)
  A komodo dragon (D:10)
  Prince Ribbit (D:8)
  Sigmund (D:4)
  A vampire (D:10)
  19 yaks
  4 vampire mosquitoes (D:10)
  3 steam dragons
  A water moccasin (D:5)
  Duvessa (D:5)
  4 orc warriors
  2 black bears
  A sky beast (D:7)
  An ice beast (D:8)
  5 boggarts
  2 ogres
  A centaur (D:7)
  2 phantoms
  5 kobold brigands
  3 bullfrogs
  3 gnoll sergeants
  3 scorpions
  2 necrophages
  Dowan (D:5)
  9 wights
  3 electric eels (D:9)
  5 howler monkeys
  13 hounds
  2 jellies (D:6)
  3 gnoll boudas
  5 orc priests
  An iron imp (D:4)
  Crazy Yiuf (D:3)
  Jessica (D:3)
  8 orc wizards
  5 iguanas
  21 gnolls
  6 adders
  A shadow imp (D:5)
  A white imp (D:6)
  3 ufetubi
  30 orcs
  2 endoplasms
  13 giant cockroaches
  6 goblins
  18 hobgoblins
  3 jackals (D:1)
  33 kobolds
  2 quokkas
  5 ball pythons
  7 bats
  2 frilled lizards (D:3)
  4 rats
286 creatures vanquished.

Vanquished Creatures (collateral kills)
  A black bear (D:8)
  A centaur (D:7)
  A hound (D:7)
  2 gnolls (D:7)
5 creatures vanquished.

Vanquished Creatures (others)
  13 fungi (D:8)
  38 plants
51 creatures vanquished.

Grand Total: 342 creatures vanquished

Notes
Turn   | Place    | Note
-------+----------+-------------------------------------------
     0 | D:1      | RascalDebosk the Minotaur Berserker began the quest for the
                  | Orb.
     0 | D:1      | Reached XP level 1. HP: 19/19 MP: 0/0
   200 | D:1      | Reached XP level 2. HP: 25/27 MP: 1/1
   560 | D:1      | Found a faded altar of an unknown god.
   668 | D:2      | Reached skill level 1 in Throwing
   733 | D:2      | Reached XP level 3. HP: 33/33 MP: 2/2
   804 | D:2      | Reached skill level 1 in Evocations
   964 | D:2      | Reached ** piety under Trog
  1141 | D:2      | Reached XP level 4. HP: 36/40 MP: 3/3
  1354 | D:3      | Noticed Jessica
  1382 | D:3      | Killed Jessica
  1729 | D:3      | Noticed a scorpion
  1737 | D:3      | Killed a scorpion
  1738 | D:3      | Reached XP level 5. HP: 47/47 MP: 4/4
  1814 | D:3      | Found a runed translucent door.
  1815 | D:3      | Noticed Crazy Yiuf
  1820 | D:3      | Killed Crazy Yiuf
  2190 | D:4      | Found a staircase to the Ecumenical Temple.
  2203 | Temple   | Entered the Ecumenical Temple
  2603 | D:4      | Reached XP level 6. HP: 55/55 MP: 5/5
  2609 | D:4      | Reached *** piety under Trog
  2629 | D:4      | Noticed Sigmund
  2644 | D:4      | Killed Sigmund
  2645 | D:4      | Reached skill level 5 in Fighting
  2645 | D:4      | Reached skill level 5 in Axes
  2841 | D:4      | Reached XP level 7. HP: 61/61 MP: 6/6
  2953 | D:4      | Found a snail-covered altar of Cheibriados.
  3383 | D:5      | Entered Level 5 of the Dungeon
  3388 | D:5      | Reached skill level 5 in Armour
  3961 | D:5      | Reached XP level 8. HP: 64/70 MP: 7/7
  4167 | D:5      | Noticed Duvessa
  4167 | D:5      | Noticed Dowan
  4173 | D:5      | Killed Dowan
  4174 | D:5      | Killed Duvessa
  4863 | D:6      | Reached **** piety under Trog
  5309 | D:6      | Reached skill level 5 in Throwing
  5770 | D:6      | Reached XP level 9. HP: 60/79 MP: 8/8
  6182 | D:7      | Found a shadowy altar of Dithmenos.
  6669 | D:7      | Reached skill level 5 in Evocations
  6696 | D:7      | Identified the +3 ring mail of Action {Rampage rCorr Str+3}
  8107 | D:8      | Noticed Prince Ribbit
  8114 | D:8      | Found Urywyma's Elemental Accessories.
  8126 | D:8      | Killed Prince Ribbit
  8179 | D:8      | Bought a scroll of summoning for 152 gold pieces
  8179 | D:8      | Bought a wand of flame (10) for 112 gold pieces
  8210 | D:8      | Noticed a two-headed ogre
  8216 | D:8      | Killed a two-headed ogre
  8217 | D:8      | Reached XP level 10. HP: 90/90 MP: 9/9
  8293 | D:8      | Noticed Amaemon
  8306 | D:8      | Killed Amaemon
  8334 | D:8      | Found a staircase to the Lair.
  8338 | D:8      | Noticed an orange demon
  8361 | D:8      | Killed an orange demon
  8416 | D:8      | Noticed Maggie
  8433 | D:8      | Killed Maggie
  9790 | D:9      | Noticed Maurice
  9839 | D:9      | Killed Maurice
  9877 | D:9      | Reached XP level 11. HP: 99/99 MP: 10/10
  9958 | D:9      | Reached skill level 10 in Fighting
  9958 | D:9      | Reached skill level 10 in Axes
 10443 | D:9      | Reached skill level 10 in Armour
 11685 | D:10     | Entered Level 10 of the Dungeon
 11694 | D:10     | Noticed a two-headed ogre
 11844 | D:10     | Noticed Sonja
 11882 | D:10     | Killed Sonja
 12047 | D:10     | Noticed Urug
 12057 | D:10     | Slain by Urug

Illustrated notes

Levels and vault maps discovered:
D:1:      dpeg_arrival_orchard, layout_rooms, chequers_ecumenical_altar_grove
D:2:      minmay_roachtagon, layout_basic
D:3:      layout_basic, uniq_jessica, uniq_crazy_yiuf_cottage
D:4:      layout_basic, chei_slow_surprise, temple_statues, uniq_sigmund
D:5:      layout_layer_cave, uniq_duvessa
D:6:      layout_layer_cave, serial_bayou_crossing
D:7:      kennysheep_housing_project, layout_layer_cave,
          mainiacjoe_overflow_brackets
D:8:      layout_basic, grunt_lair_entry_orc_guard_hut, nicolae_elemental_shop,
          uniq_amaemon, uniq_prince_ribbit1, uniq_maggie
D:9:      layout_loops_cross, hex_large, hive_lemuel, uniq_maurice
D:10:     layout_rooms, mainiacjoe_overflow_divided_tiny, serial_shops,
          nicolae_shop_behind_doors, lightli_corner_chamber, uniq_sonja,
          uniq_urug
Temple:   eino_narrow_crystal_temple

Skill      XL: |  1  2  3  4  5  6  7  8  9 10 11 |
---------------+----------------------------------+-----
Throwing       | 1 2 3 5 6 7 8 |  8.3
Axes           | 4 5 6 7 8 9 10 | 10.6
Fighting       | 4 5 6 7 8 9 10 | 10.7
Armour         | 3 4 5 6 8 9 10 | 10.4
Evocations     | 1 2 3 4 5 6 7 |  7.6
Dodging        | |  2.1

Action                   |  1- 3 |  4- 6 |  7- 9 | 10-12 || total
-------------------------+-------+-------+-------+-------++-------
Melee: Hand axe          |    90 |    71 |       |       ||   161
       Headbutt          |     7 |    11 |    40 |    52 ||   110
       War axe           |       |    17 |   225 |   270 ||   512
       Punch             |       |       |     6 |     3 ||     9
Throw: Dart              |       |     8 |       |    28 ||    36
       Throwing net      |       |     2 |     4 |       ||     6
       Boomerang         |       |       |       |    22 ||    22
Invok: Berserk           |       |     4 |     7 |    11 ||    22
       Trog's Hand       |       |       |     2 |     3 ||     5
       Brothers in Arms  |       |       |     1 |     2 ||     3
  Use: Scroll            |     1 |    11 |     8 |     1 ||    21
       Potion            |       |       |     2 |     1 ||     3
Armor: Chain mail        |    69 |    57 |   197 |   139 ||   462
       Scale mail        |       |       |       |    63 ||    63
Dodge: Dodged            |    63 |    53 |   154 |   141 ||   411
